 Dungeon Crawl Stone Soup version 0.28-a0-750-g7c675f85b1 (webtiles) character file.

Game seed: 5684920850957222699

46 ytrimaz the Chopper (level 3, 0/28 HPs)
             Began as a Demonspawn Gladiator on Oct 29, 2021.
             Killed by divine providence
             ... invoked by an orc priest
              (12 damage)
             ... on level 2 of the Dungeon.
             The game lasted 00:01:44 (1340 turns).

ytrimaz the Chopper (Demonspawn Gladiator)          Turns: 1340, Time: 00:01:44

Health: 0/28       AC:  5    Str: 15    XL:     3   Next: 46%
Magic:  3/3        EV: 14    Int:  9    God:
Gold:   82         SH:  0    Dex: 14    Spells: 2/2 levels left

rFire   . . .      SeeInvis .   a - +0 war axe
rCold   . . .      Faith    .   (no shield)
rNeg    . . .      Spirit   .   b - +0 leather armour
rPois   .          Reflect  .   c - +1 helmet
rElec   .          Harm     .   (no cloak)
rCorr   .          Rampage  .   (no gloves)
Will    .....                   (no boots)
Stlth   +.........              h - amulet of the acrobat
HPRegen 0.09/turn               (no ring)
MPRegen 0.08/turn               (no ring)

@: no status effects
A: repulsion field 1
a: no special abilities


You were on level 2 of the Dungeon.
You visited 1 branch of the dungeon, and saw 2 of its levels.

You collected 82 gold pieces.

Inventory:

Hand Weapons
 a - a +0 war axe (weapon)
Missiles
 d - 3 throwing nets (quivered)
Armour
 b - a +0 leather armour (worn)
 c - a +1 helmet (worn)
Jewellery
 h - an amulet of the acrobat (around neck)
Scrolls
 e - a scroll of amnesia {unknown}
 g - a scroll of fog
Potions
 f - a potion of might {unknown}


   Skills:
 * Level 2.5 Fighting
 + Level 3.3 Axes
 - Level 1.7 Throwing
 * Level 1.0 Armour
 + Level 3.0 Dodging


You had 2 spell levels left.
You didn't know any spells.
Your spell library was empty.

Dungeon Overview and Level Annotations

Branches:
Dungeon (2/15)

Altars:


Innate Abilities, Weirdness & Mutations

You are surrounded by a mild repulsion field. (EV +2)


Message History

You barely miss the orc. The orc barely misses you.
The orc priest shouts!
You hit the orc.
The orc is moderately wounded.
The orc misses you.
You barely miss the orc.
The orc is moderately wounded.
The orc hits you with a +0 dagger.
You hit the orc but do no damage.
The orc is moderately wounded.
The orc hits you with a +0 dagger.
You slash the orc!
You kill the orc!
You slash the orc!
You kill the orc!
You closely miss the orc. The orc hits you with a +0 dagger.
The orc hits you but does no damage.
You hit the orc.
The orc is severely wounded.
The orc misses you.
You hit the orc.
You kill the orc!
You closely miss the orc priest.
The orc priest hits you with a +0 hand axe.
You closely miss the orc priest.
The orc priest looks encouraged for a moment.
The orc priest hits you with a +0 hand axe.
You hit the orc priest but do no damage.
The orc priest misses you.
You barely miss the orc priest. The orc priest barely misses you.
The orc priest hits you but does no damage.
You hit the orc priest but do no damage.
The orc priest hits you with a +0 hand axe.
You hit the orc priest but do no damage.
The orc priest barely misses you.
You barely miss the orc priest.
The orc priest hits you with a +0 hand axe.
The orc priest mumbles some strange prayers to Beogh against you.
Beogh smites you!
You die...

........#
##......#####
##..........#
....#######.####.#
................>#
###.#.#####.######
#.#.....#.#
#.#.###.#.########.###
#.#.#.........@o......
#.#.#.#.#.############
#.#.#...#.#
#.#.#####.# #.......#
#########


You could see an orc priest.

Vanquished Creatures
  A dart slug (D:1)
  3 orcs (D:2)
  4 endoplasms
  A giant cockroach (D:1)
  5 goblins
  3 hobgoblins
  4 jackals (D:2)
  4 quokkas
  A ball python (D:2)
  6 bats
  A frilled lizard (D:1)
  A rat (D:1)
34 creatures vanquished.

Notes
Turn   | Place    | Note
-------+----------+-------------------------------------------
     0 | D:1      | ytrimaz the Demonspawn Gladiator began the quest for the
                  | Orb.
     0 | D:1      | Reached XP level 1. HP: 16/16 MP: 1/1
   343 | D:1      | Gained mutation: You are surrounded by a mild repulsion
                  | field. (EV +2) [demonic ancestry]
   343 | D:1      | Reached XP level 2. HP: 22/22 MP: 2/2
   944 | D:2      | Found a faded altar of an unknown god.
   952 | D:2      | Reached XP level 3. HP: 26/28 MP: 3/3
   953 | D:2      | Reached skill level 1 in Armour
  1340 | D:2      | Killed from afar by an orc priest

Illustrated notes

Levels and vault maps discovered:
D:1:      minmay_arrival_radiant_lines, layout_basic, minmay_bisected
D:2:      layout_basic, ebering_ecumenical_altar_box

Skill      XL: |  1  2  3 |
---------------+----------+-----
Axes           | 3 |  3.3
Dodging        | 3 |  3.0
Armour         | 1 |  1.0
Fighting       | |  2.5
Throwing       | |  1.7

Action                   || total
-------------------------++-------
Melee: War axe           ||    85
  Use: Scroll            ||     4
Armor: Leather armour    ||    41
Dodge: Dodged            ||    68

Table legend: (Time is in decaauts)
 A = Elapsed time spent in this place.
 B = Non-inter-level travel time spent in this place.
 C = Inter-level travel time spent in this place.
 D = Time resting spent in this place.
 E = Time spent auto-exploring this place.
 F = Levels seen in this place.
 G = Mean time per level.
                   A        B        C        D        E       F      G
               +--------+--------+--------+--------+--------+-----+--------+
         Total |   1369 |   1350 |     19 |    158 |    878 |   2 |  684.5 |
       Dungeon |   1369 |   1350 |     19 |    158 |    878 |   2 |  684.5 |
               +--------+--------+--------+--------+--------+-----+--------+

Top non-repeatable levels by time:
     D:1: 827 daAuts
     D:2: 542 daAuts
